 Dungeon Crawl Stone Soup version 0.32-a0-975-g85d4e5bfdb (webtiles) character file.

Game seed: 2978810033368325743

1353 octoduck the Cleaver (level 8, 0/63 HPs)
             Began as a Mountain Dwarf Fighter on Apr 19, 2024.
             Was a Follower of Cheibriados.
             Splashed by a jelly's acid (7 damage)
             ... on level 6 of the Dungeon.
             The game lasted 00:12:42 (5815 turns).

octoduck the Cleaver (Mountain Dwarf Fighter)       Turns: 5815, Time: 00:12:42

Health: 0/63       AC: -7    Str: 22    XL:     8   Next: 36%
Magic:  0/8        EV:  8    Int: 14    God:    Cheibriados [*.....]
Gold:   55         SH:  4    Dex: 12    Spells: 7/7 levels left

rFire   . . .        a - +0 war axe
rCold   + . .        c - +0 buckler
rNeg    . . .        b - +0 scale mail
rPois   .            (no helmet)
rElec   .            (no cloak)
rCorr   .            (no gloves)
SInv    .            r - +0 pair of boots
Will    .....        q - amulet of guardian spirit Stlth
                     p - ring of protection from cold
HPRegen 0.30/turn    (no ring)
MPRegen 0.11/turn

%: guardian spirit
@: corroded, slowed, very slow
A: runic magic, artefact enchanting
a: Renounce Religion, Bend Time


You were on level 6 of the Dungeon.
You worshipped Cheibriados.
Cheibriados was aware of your devotion.
You visited 2 branches of the dungeon, and saw 7 of its levels.

You collected 190 gold pieces.
You spent 135 gold pieces at shops.

Inventory:

Hand Weapons
 a - a +0 war axe (weapon)
Armour
 b - a +0 scale mail (worn)
 c - a +0 buckler (worn)
 r - a +0 pair of boots (worn)
Jewellery
 p - a ring of protection from cold (left hand)
 q - an amulet of guardian spirit (around neck)
Wands
 i - a wand of warping (10)
Scrolls
 f - 9 scrolls of teleportation
 h - 3 scrolls of revelation
 j - a scroll of blinking
 l - a scroll of poison
 n - 3 scrolls of vulnerability
Potions
 d - a potion of might
 g - 3 potions of enlightenment
 m - a potion of brilliance


   Skills:
 - Level 3.2 Fighting
 * Level 12.4 Axes
 - Level 3.2 Armour
 - Level 3.2 Shields


You had 7 spell levels left.
You didn't know any spells.
Your spell library contained the following spells:

 Spells                   Type           Power      Damage    Failure   Level
 Dazzling Flash           Conj/Hex       0%         N/A       80%         3
 Starburst                Conj/Fire      0%         6d3       100%        6
 Fulsome Fusillade        Conj/Alch      0%         (3-5)d4   100%        8


Dungeon Overview and Level Annotations

Branches:
Dungeon (6/15)             Temple (1/1) D:6

Altars:
Ashenzari
Cheibriados
Dithmenos
Elyvilon
Fedhas
Gozag
Hepliaklqana
Kikubaaqudgha
Makhleb
Nemelex Xobeh
Okawaru
Qazlal
Ru
Sif Muna
Trog
Uskayaw
Vehumet
Wu Jian
Xom
Zin
The Shining One

Shops:
D:3 **


Innate Abilities, Weirdness & Mutations

Your spellcasting is much less encumbered by armour.
You can use scrolls of enchantment on lesser artefacts.


Message History

A jelly comes into view.
You feel sick.
You hit the kobold.
You kill the kobold!
Cheibriados appreciates the change of pace.
You feel sick.
You feel sick.
You are no longer poisoned.
You hit the jelly. The acid corrodes you!
Your hands burn!
The jelly is moderately wounded.
The jelly barely misses you. The jelly closely misses you.
You hit the jelly but do no damage.
Your hands burn!
The jelly is moderately wounded.
The jelly hits you but does no damage.
You hit the jelly but do no damage.
Your hands burn!
The jelly is moderately wounded.
The jelly barely misses you.
You hit the jelly. The acid corrodes you!
Your hands burn!
The jelly is severely wounded.
The jelly hits you.
You are splashed with acid!
* * * LOW HITPOINT WARNING * * *
The jelly hits you.
* * * LOW HITPOINT WARNING * * *
The acid corrodes you!
You are splashed with acid!
* * * LOW HITPOINT WARNING * * *
You feel much better. The jelly hits you. The acid corrodes you!
You are splashed with acid!
You hit the jelly but do no damage.
Your hands burn!
The jelly is severely wounded.
The jelly hits you.
* * * LOW HITPOINT WARNING * * *
The acid corrodes you!
You are splashed with acid!
* * * LOW HITPOINT WARNING * * *
You barely miss the jelly.
The jelly is severely wounded.
The jelly hits you.
* * * LOW HITPOINT WARNING * * *
You are splashed with acid!
You die...
Cheibriados appreciates the motionlessness of death.

.... .######..##
......).$.# ##.##
#...###
..###...).#
.........).#
..(......).#
..#....#.J@#
..........##
....##....# #
....##....# .
..........## #
.#....#...# #
..........# #
.........# #
.####....########


You could see a jelly.

Vanquished Creatures
  A water moccasin (D:5)
  An ice beast (D:5)
  An ogre (D:5)
  A phantom (D:6)
  2 bullfrogs (D:6)
  A kobold brigand (D:6)
  3 scorpions
  A howler monkey (D:5)
  4 hounds
  3 bombardier beetles
  2 jellies
  4 iguanas
  Ijyb (D:3)
  2 orc wizards
  4 adders
  4 gnolls (D:4)
  8 orcs
  3 bats (D:1)
  8 endoplasms
  4 goblins
  6 hobgoblins
  7 jackals
  A quokka (D:3)
  6 ball pythons
  A frilled lizard (D:1)
  11 kobolds
  4 rats
94 creatures vanquished.

Notes
Turn   | Place    | Note
-------+----------+-------------------------------------------
     0 | D:1      | octoduck the Mountain Dwarf Fighter began the quest for the
                  | Orb.
     0 | D:1      | Reached XP level 1. HP: 19/19 MP: 1/1
    49 | D:1      | Reached skill level 3 in Axes
   129 | D:1      | Reached XP level 2. HP: 26/26 MP: 2/2
   609 | D:1      | Reached skill level 4 in Axes
  1102 | D:2      | Reached XP level 3. HP: 28/31 MP: 3/3
  1776 | D:3      | Noticed Ijyb
  1805 | D:3      | Killed Ijyb
  1806 | D:3      | Reached skill level 5 in Axes
  1806 | D:3      | Reached XP level 4. HP: 14/38 MP: 0/4
  1985 | D:3      | Reached skill level 6 in Axes
  2132 | D:3      | Reached XP level 5. HP: 16/45 MP: 5/5
  2290 | D:3      | Found Myteg's Assorted Antiques.
  2301 | D:3      | Bought an iron wand for 96 gold pieces
  2336 | D:3      | Found Qaickaef's General Store.
  2340 | D:3      | Bought a potion of curing for 39 gold pieces
  2886 | D:4      | Found a snail-covered altar of Cheibriados.
  2909 | D:4      | Reached skill level 7 in Axes
  3068 | D:4      | Became a worshipper of Cheibriados the Contemplative
  3211 | D:4      | Reached XP level 6. HP: 49/51 MP: 6/6
  3515 | D:4      | Reached skill level 8 in Axes
  3743 | D:5      | Entered Level 5 of the Dungeon
  3790 | D:5      | Noticed an ice beast
  3800 | D:5      | Killed an ice beast
  3803 | D:5      | Reached skill level 9 in Axes
  3817 | D:5      | Reached XP level 7. HP: 55/57 MP: 7/7
  4147 | D:5      | Reached * piety under Cheibriados
  4148 | D:5      | Reached skill level 10 in Axes
  4726 | D:5      | Reached skill level 11 in Axes
  5142 | D:6      | Reached XP level 8. HP: 52/63 MP: 5/8
  5477 | D:6      | Found a staircase to the Ecumenical Temple.
  5486 | Temple   | Entered the Ecumenical Temple
  5525 | D:6      | Found a hazy altar of Hepliaklqana.
  5561 | D:6      | Reached skill level 12 in Axes
  5815 | D:6      | Splashed by a jelly's acid

Illustrated notes

Levels and vault maps discovered:
D:1:      saegor_arrival_simple_b, layout_basic, minmay_tripent
D:2:      layout_loops_corners
D:3:      layout_basic, serial_shops, shop, nicolae_shop_trees,
          kennysheep_small_spiral, uniq_ijyb
D:4:      layout_basic, cheibriados_altar_1
D:5:      dreamdust_elfheim, layout_cave_pods
D:6:      minmay_goblin_kobold_castle, layout_basic,
          worldfamousw_hep_ancestral_shrine, minmay_temple_entry_butterflies,
          st_stairs_5, skrybe_limestone_x
Temple:   hellmonk_temple_of_storms

Skill      XL: |  1  2  3  4  5  6  7  8 |
---------------+-------------------------+-----
Axes           | 3 4 5 6 7 9 11 12 | 12.4
Fighting       | |  3.2
Armour         | |  3.2
Shields        | |  3.2

Action                     |  1- 3 |  4- 6 |  7- 9 || total
---------------------------+-------+-------+-------++-------
  Melee: War axe           |   103 |    92 |   122 ||   317
  Evoke: Wand              |       |     2 |     2 ||     4
    Use: Scroll            |     5 |     5 |     1 ||    11
         Potion            |       |     3 |     2 ||     5
 Armour: Scale mail        |    73 |    59 |   100 ||   232
  Dodge: Dodged            |    37 |    38 |    43 ||   118
  Block: Buckler           |    21 |    18 |    23 ||    62

Table legend: (Time is in decaauts)
 A = Elapsed time spent in this place.
 B = Non-inter-level travel time spent in this place.
 C = Inter-level travel time spent in this place.
 D = Time resting spent in this place.
 E = Time spent auto-exploring this place.
 F = Levels seen in this place.
 G = Mean time per level.
                   A        B        C        D        E       F      G
               +--------+--------+--------+--------+--------+-----+--------+
         Total |   6468 |   6185 |    283 |   1248 |   3758 |   7 |  924.0 |
       Dungeon |   6467 |   6184 |    283 |   1248 |   3758 |   6 | 1077.8 |
        Temple |      1 |      1 |      0 |      0 |      0 |   1 |    1.0 |
               +--------+--------+--------+--------+--------+-----+--------+

Top non-repeatable levels by time:
     D:5: 1645 daAuts
     D:3: 1463 daAuts
     D:6: 901 daAuts
     D:4: 900 daAuts
     D:1: 795 daAuts
     D:2: 761 daAuts
  Temple: 1 daAuts
